 Dungeon Crawl Stone Soup version 0.16-a0-3596-g438c78e (webtiles) character file.

4581 Kemay the Nimble (level 10, -7/58 HPs)
             Began as an Octopode Transmuter on Jan 12, 2015.
             Was an Initiate of Sif Muna.
             Killed by divine providence
             ... invoked by an orc priest
              (15 damage)
             ... on level 9 of the Dungeon.
             The game lasted 00:40:46 (10337 turns).

Kemay the Nimble (Octopode Transmuter)             Turns: 10337, Time: 00:40:46

Health: -7/58      AC:  2    Str: 10    XL:     10   Next: 41%
Magic:  0/25       EV: 34    Int: 23    God:    Sif Muna [......]
Gold:   443        SH:  0    Dex: 20    Spells: 3 memorised, 4 levels left

rFire  . . .     SeeInvis .       - Unarmed
rCold  . . .     Clarity  .     (shield currently unavailable)
rNeg   + . .     SustAb   +     J - melded +1 hat
rPois  x         Gourm    .     k - amulet of guardian spirit
rElec  .         Spirit   +     e - +3 ring of dexterity
rCorr  .         Warding  .     f - ring of sustain abilities
rMut   .         Stasis   .     g - +4 ring of intelligence
MR     .....                    u - ring of magical power
Stlth  ++........               w - ring of wizardry
                                s - ring of positive energy
                                (no ring)
                                (no ring)

@: spider-form, not resistant to hostile enchantments, unstealthy
A: almost no armour, amphibious, 8 rings, (constrict 8), (camouflage 0),
(gelatinous body 0)
a: End Transformation, Renounce Religion


You were on level 9 of the Dungeon.
You worshipped Sif Muna.
Sif Muna was noncommittal.
You were not hungry.
You were a venomous arachnid creature.
You visited 2 branches of the dungeon, and saw 10 of its levels.

You collected 443 gold pieces.

Inventory:

Missiles
 I - a throwing net (quivered)
Armour
 J - a +1 hat (melded)
Jewellery
 e - a +3 ring of dexterity (left front leg)
 f - a ring of sustain abilities (right front leg)
 g - a +4 ring of intelligence (on tentacle)
 k - an amulet of guardian spirit (around neck)
 s - a ring of positive energy (on tentacle)
 u - a ring of magical power (on tentacle)
 w - a ring of wizardry (on tentacle)
Magical devices
 m - a wand of polymorph (9)
 t - a wand of polymorph (4)
 v - a wand of enslavement (8)
 x - a wand of slowing (21)
 y - a wand of fireball (5)
 D - a wand of frost (33)
 F - a wand of slowing (18)
Scrolls
 p - a scroll of fog
 q - 2 scrolls of remove curse
 r - 3 scrolls of magic mapping
 z - 3 scrolls of recharging
 B - a scroll of teleportation
 G - a scroll of enchant weapon
Potions
 b - a potion of brilliance
 h - 4 potions of curing
 i - a potion of might
 j - a potion of magic
 A - a potion of agility
 K - a potion of haste
Books
 d - a book of Changes

   Spells                             Type                      Level
   a - Beastly Appendage              Transmutation                1
   b - Sticks to Snakes               Transmutation                2
   c - Spider Form                    Transmutation/Poison         3
   d - Ice Form                       Ice/Transmutation            4
   e - Blade Hands                    Transmutation                5
 n - a book of Ice

   Spells                             Type                      Level
   a - Ice Form                       Ice/Transmutation            4
   b - Metabolic Englaciation         Hexes/Ice                    5
   c - Ozocubu's Refrigeration        Ice                          6
   d - Bolt of Cold                   Conjuration/Ice              6
   e - Freezing Cloud                 Conjuration/Ice/Air          6
   f - Simulacrum                     Ice/Necromancy               6
Comestibles
 a - 9 bread rations
 c - 2 meat rations
 l - 2 beef jerkies
 o - 3 chunks of flesh
 C - a royal jelly
 H - a slice of pizza


   Skills:
 - Level 1.0 Fighting
 + Level 12.9 Dodging
 - Level 6.1 Unarmed Combat
 - Level 2.0 Spellcasting
 - Level 5.0 Transmutations


You had 4 spell levels left.
You knew the following spells:

 Your Spells              Type           Power        Failure   Level  Hunger
a - Beastly Appendage     Trmt           ####..       2%          1    #......
b - Spider Form           Trmt/Pois      ##........   13%         3    ###....
c - Blade Hands           Trmt           ####......   34%         5    ######.


Dungeon Overview and Level Annotations

Branches:
Dungeon (9/15)             Temple (1/1) D:4
   Lair: D:8-11         Orc: D:9-12

Altars:
Ashenzari
Cheibriados
Dithmenos
Elyvilon
Fedhas
Gozag
Kikubaaqudgha
Makhleb
Nemelex Xobeh
Okawaru
Qazlal
Ru
Sif Muna
Trog
Vehumet
Xom
Yredelemnul
Zin
The Shining One

Shops:
D:6 }

Annotations:
D:9 exclusion: oklob plant


Innate Abilities, Weirdness & Mutations

You cannot wear most types of armour.
You are amphibious.
You can wear up to eight rings at the same time.
((You can use your tentacles to constrict many enemies at once.))
((Your skin changes colour to match your surroundings (Stealth).))
((Your rubbery body absorbs attacks (AC +1).))


Message History

Confirm with . or Enter, or press ? or * to list all spells.
You turn into a venomous arachnid creature.
Your +1 hat melds into your body.
The orc hits you but does no damage.
You barely miss the orc.
The orc is severely wounded.
The orc completely misses you. The orc misses you.
You hit the orc.
You kill the orc!
The orc closely misses you.
The orc priest invokes the aid of Beogh against you.
Something smites you!
* * * LOW HITPOINT WARNING * * *
Things that are here:
a falchion; a chain mail You hit the orc.
The orc is poisoned.
The orc is lightly wounded.
The orc closely misses you.
The orc priest calls down the wrath of Beogh upon you.
Something smites you!
You die...

####### #.....# .
#.....# ....
#.....# #....
#.....# #....
#.....### #....
#......)#######
#....
#.....#.o.os..##
#....
#..(o.#######..####
#.... #.....#
##....######....
#.....#
####......#...>
#..o..#
######.'.... #o####
###.... . ##### # #


You could see an orc priest and an orc.

Vanquished Creatures
  Gastronok (D:8)
  A two-headed ogre (D:8)
  A spriggan (D:7)
  The ghost of haldagan the Shield-Bearer, an average DrFi (D:3)
  A hippogriff (D:9)
  Edmund (D:8)
  A water moccasin (D:8)
  2 necrophages
  An orc warrior (D:9)
  3 ogres
  4 phantoms
  A big kobold (D:9)
  2 centaurs (D:8)
  2 giant frogs (D:8)
  A water moccasin zombie (D:8)
  2 scorpions
  4 killer bees (D:9)
  2 goliath beetles
  A centaur zombie (D:8)
  3 crimson imps
  2 hounds
  6 orc priests
  A giant frog zombie (D:5)
  3 iguanas
  Natasha (thrice) (D:6)
  6 worker ants
  5 orc wizards
  A sheep (D:5)
  A hound zombie (D:5)
  Terence (D:3)
  A river rat (D:8)
  8 adders
  2 giant mites
  A worm (D:3)
  An adder skeleton (D:4)
  A giant gecko (D:7)
  2 oozes
  19 orcs
  A bat skeleton (D:4)
  4 giant cockroaches
  8 hobgoblins
  26 kobolds
  3 quokkas
  A ball python (D:6)
  7 bats
  A giant gecko skeleton (D:4)
  5 giant newts
  A giant spore (D:8)
  13 goblins
  3 jackals (D:2)
  A jackal zombie (D:8)
  A quokka skeleton (D:9)
  21 rats
  3 ballistomycetes (D:8)
198 creatures vanquished.

Notes
Turn   | Place    | Note
--------------------------------------------------------------
     0 | D:1      | Kemay, the Octopode Transmuter, began the quest for the Orb.
     0 | D:1      | Reached XP level 1. HP: 13/13 MP: 3/3
   373 | D:1      | Reached XP level 2. HP: 13/18 MP: 2/4
  1024 | D:1      | Reached XP level 3. HP: 23/23 MP: 6/6
  1031 | D:1      | Learned a level 3 spell: Spider Form
  1537 | D:2      | Noticed a moth of wrath
  1539 | D:2      | Found a bloodstained altar of Trog.
  1727 | D:2      | Found a bloodstained altar of Trog.
  2103 | D:2      | Reached skill level 4 in Transmutations
  2563 | D:3      | Found a white marble altar of Elyvilon.
  2626 | D:3      | Reached XP level 4. HP: 28/28 MP: 0/7
  2677 | D:3      | Found an opulent altar of Gozag.
  2677 | D:3      | Found a sparkling altar of Nemelex Xobeh.
  2678 | D:3      | Noticed Terence
  3182 | D:3      | Noticed haldagan's ghost (average DrFi)
  3258 | D:3      | Reached skill level 5 in Transmutations
  3258 | D:3      | Reached XP level 5. HP: 21/33 MP: 3/9
  3444 | D:3      | Found a shadowy altar of Dithmenos.
  3610 | D:3      | Killed haldagan's ghost
  3610 | D:3      | Reached XP level 6. HP: 36/38 MP: 2/10
  3655 | D:3      | Killed Terence
  3655 | D:3      | Reached skill level 5 in Unarmed Combat
  3679 | D:4      | Found a shadowy altar of Dithmenos.
  3933 | D:4      | Found a staircase to the Ecumenical Temple.
  3943 | Temple   | Entered the Ecumenical Temple
  4046 | D:4      | Reached XP level 7. HP: 43/43 MP: 8/12
  4169 | D:4      | Found a basalt altar of Yredelemnul.
  4171 | D:4      | Found a deep blue altar of Sif Muna.
  4293 | D:4      | Found a blossoming altar of Fedhas.
  4294 | D:4      | Found an iron altar of Okawaru.
  4619 | D:5      | Entered Level 5 of the Dungeon
  4851 | D:5      | Learned a level 5 spell: Blade Hands
  5026 | D:5      | Found a glowing golden altar of the Shining One.
  5087 | D:5      | Reached skill level 5 in Dodging
  5205 | D:4      | Became a worshipper of Sif Muna the Loreminder
  5606 | D:6      | Reached skill level 6 in Dodging
  5731 | D:6      | Found Strynory's Gadget Boutique.
  5757 | D:6      | Found a snail-covered altar of Cheibriados.
  5768 | D:6      | Reached XP level 8. HP: 48/48 MP: 13/13
  6161 | D:6      | Noticed Natasha
  6178 | D:6      | Killed Natasha
  6178 | D:6      | Reached skill level 7 in Dodging
  6286 | D:6      | Noticed Natasha
  6293 | D:6      | Killed Natasha
  6437 | D:6      | Noticed Natasha
  6443 | D:6      | Killed Natasha
  6808 | D:7      | Reached skill level 8 in Dodging
  7153 | D:7      | Reached skill level 9 in Dodging
  7679 | D:8      | Reached XP level 9. HP: 48/53 MP: 14/14
  7808 | D:8      | Found a burning altar of Makhleb.
  7808 | D:8      | Found a glowing silver altar of Zin.
  7809 | D:8      | Noticed an angel
  7809 | D:8      | Noticed a blizzard demon
  7825 | D:8      | Noticed a two-headed ogre
  7850 | D:8      | Noticed Edmund
  7876 | D:8      | Killed Edmund
  8382 | D:8      | Reached skill level 10 in Dodging
  8396 | D:8      | Noticed Gastronok
  8882 | D:8      | Found an opulent altar of Gozag.
  9141 | D:8      | Killed Gastronok
  9141 | D:8      | Reached skill level 12 in Dodging
  9141 | D:8      | Reached XP level 10. HP: 20/58 MP: 8/16
  9759 | D:8      | Killed a two-headed ogre
  9843 | D:8      | Gained mutation: You have difficulty communicating with the divine. [potion of mutation]
  9843 | D:8      | Gained mutation: Your body is slowly deteriorating. [potion of mutation]
  9843 | D:8      | Gained mutation: Your body is misshapen. [potion of mutation]
  9844 | D:8      | Lost mutation: Your body is misshapen. [potion of cure mutation]
  9844 | D:8      | Lost mutation: Your body is slowly deteriorating. [potion of cure mutation]
  9844 | D:8      | Lost mutation: You have difficulty communicating with the divine. [potion of cure mutation]
 10241 | D:9      | Found a basalt altar of Yredelemnul.
 10243 | D:9      | Noticed an oklob plant
 10337 | D:9      | Killed from afar by an orc priest

Action                   |  1- 3 |  4- 6 |  7- 9 | 10-12 || total
-------------------------+-------+-------+-------+-------++-------
Melee: Unarmed           |   111 |    85 |   344 |   133 ||   673
Throw: Throwing net      |       |       |       |     1 ||     1
 Cast: Beastly Appendage |    17 |     5 |     8 |     3 ||    33
       Spider Form       |     1 |    11 |    35 |    10 ||    57
       Blade Hands       |       |       |     1 |       ||     1
 Abil: End Transformatio |     4 |     2 |     3 |     1 ||    10
Evoke: Wand              |       |       |     5 |       ||     5
  Use: Scroll            |     3 |     9 |    11 |     2 ||    25
       Potion            |       |     1 |     1 |     2 ||     4
 Stab: Sleeping          |     5 |     1 |     4 |       ||    10
       Distracted        |     1 |       |       |       ||     1
  Eat: Chunk             |     5 |     7 |    16 |     4 ||    32
       Pizza             |       |       |     1 |       ||     1
       Bread ration      |       |       |     1 |       ||     1
